 Dungeon Crawl Stone Soup version 0.23.2-1-ga50397a (webtiles) character file.

Game seed: 17990022854006870696

52 Bluemoon111 the Digger (level 3, -4/19 HPs)
             Began as a Gargoyle Earth Elementalist on May 28, 2019.
             Slain by Sigmund
             ... wielding a +0 scythe
              (8 damage)
             ... on level 2 of the Dungeon.
             The game lasted 00:04:55 (1992 turns).

Bluemoon111 the Digger (GrEE)                       Turns: 1992, Time: 00:04:55

Health: -4/19      AC:  8    Str: 11    XL:     3   Next: 85%
Magic:  5/6        EV: 12    Int: 16    God:
Gold:   120        SH:  0    Dex: 10    Spells: 3/7 levels left

rFire    . . .     SeeInvis .   g - +0 dagger
rCold    . . .     Gourm    .   (no shield)
rNeg     + . .     Faith    .   c - +0 robe
rPois    ∞         Spirit   .   (no helmet)
rElec    +         Reflect  .   (no cloak)
rCorr    .         Harm     .   (no gloves)
MR       .....                  h - +2 pair of boots
Stlth    ++........             (no amulet)
HPRegen  0.06/turn              (no ring)
MPRegen  0.10/turn              (no ring)

@: no status effects
A: negative energy resistance 1, electricity resistance, unbreathing,
petrification resistance, rot immunity, AC +3
a: no special abilities


You were on level 2 of the Dungeon.
You were not hungry.

You visited 1 branch of the dungeon, and saw 2 of its levels.

You collected 120 gold pieces.

Inventory:

Hand Weapons
 g - a +0 dagger (weapon)
Missiles
 b - 92 stones (quivered)
Armour
 c - a +0 robe (worn)
 h - a +2 pair of boots (worn)
Jewellery
 n - a cursed ring of teleportation {unknown}
Scrolls
 i - 2 scrolls of remove curse {unknown}
 k - a scroll of fear {unknown}
 m - 2 scrolls of teleportation {unknown}
 o - a scroll of blinking {unknown}
 p - a scroll of identify {unknown}
Potions
 a - a potion of cancellation {unknown}
 e - a potion of mutation {unknown}
 f - 2 potions of curing {unknown}
 j - a potion of degeneration {unknown}
 l - a potion of haste {unknown}
Comestibles
 d - 2 rations
 q - a chunk of flesh


   Skills:
 - Level 1.5 Dodging
 - Level 2.1 Stealth
 - Level 0.6 Unarmed Combat
 + Level 2.6 Spellcasting
 + Level 1.0 Conjurations
   Level 0.7 Transmutations
 + Level 4.7 Earth Magic


You had 3 spell levels left.
You knew the following spells:

 Your Spells              Type           Power        Failure   Level  Hunger
a - Sandblast             Erth           ###...       2%          1    #......
b - Stone Arrow           Conj/Erth      ##....       19%         3    ###....

Your spell library contained the following spells:

 Spells                   Type           Power        Failure   Level  Hunger
 Passwall                 Tmut/Erth      ##......     10%         2    ##.....
 Petrify                  Tmut/Erth      ##......     54%         4    #####..
 Lee's Rapid Deconstruct  Erth           ###.......   61%         5    ######.


Dungeon Overview and Level Annotations

Branches:
Dungeon (2/15)

Altars:

Annotations:
D:2 Sigmund


Innate Abilities, Weirdness & Mutations

You are resistant to torment.
Your stone body is resilient. (AC +3)
You are immune to poison.
You resist negative energy. (rN+)
You are resistant to electric shocks. (rElec)
You can survive without breathing.
You are immune to petrification.
You are immune to rotting.


Message History

You hit the hobgoblin.
You kill the hobgoblin!
Your Conjurations skill increases to level 1!
The hobgoblin barely misses you.
You hit the hobgoblin.
The hobgoblin is severely wounded.
The hobgoblin hits you but does no damage.
Something hits you!
Ouch! That really hurt!
* * * LOW HITPOINT WARNING * * *
Casting: Sandblast (safe; 2% risk of failure)
Confirm with . or Enter, or press ? or * to list all spells.
Aiming: Sandblast (safe; 2% risk of failure)
Press: ? - help, Shift-Dir - straight line, f - hobgoblin
Aim: a hobgoblin, wielding a +0 club (severely wounded)
The blast of sand hits the hobgoblin.
You kill the hobgoblin!
b - 92 stones You start resting.
Something hits you!
You die...

.# # #..#.#......######## .#.#
#..#.#......#
.#.#.#.#.#####..#.#......#
..................'......#
.#.#.#.#%####.#..##......# ######
.#.# ..........##+#.## #.....
#..#.# #............#.####.....
.^..... .......)..#####..........
#..#.#...#.##...@.......#######'#
...# # # #. ####..#####.#.....#.#
#..#.#. . ...#.#...#.#.##.##.#
....... .##.#.#.#.#.#.##.##.#
...#. ........#..).....##.#
...#.# ###.#...###.#.#..##.# #..#
..#.......#....##.# #..#
######..#########.##.# #..#
........# #.##.#


There were no monsters in sight!

Vanquished Creatures
  An adder (D:2)
  A howler monkey skeleton (D:2)
  2 giant cockroaches (D:2)
  8 goblins
  7 hobgoblins
  2 jackals (D:2)
  3 bats
  2 frilled lizards
  5 rats
31 creatures vanquished.

Notes
Turn   | Place    | Note
-------+----------+-------------------------------------------
     0 | D:1      | Bluemoon111 the Gargoyle Earth Elementalist began the quest
                  | for the Orb.
     0 | D:1      | Reached XP level 1. HP: 10/10 MP: 3/3
   209 | D:1      | Reached skill level 4 in Earth Magic
   511 | D:1      | Reached XP level 2. HP: 15/15 MP: 5/5
  1085 | D:2      | Noticed Sigmund
  1161 | D:2      | Reached XP level 3. HP: 16/19 MP: 6/6
  1177 | D:2      | Learned a level 3 spell: Stone Arrow
  1989 | D:2      | Reached skill level 1 in Conjurations
  1992 | D:2      | Slain by Sigmund

Skill      XL: |  1  2  3 |
---------------+----------+-----
Earth Magic    | 4 |  4.7
Conjurations   | 1 |  1.0
Dodging        | |  1.5
Stealth        | |  2.1
Unarmed Combat | |  0.6
Spellcasting   | |  2.6
Transmutations | |  0.7

Action                   || total
-------------------------++-------
Melee: Dagger            ||    95
       Unarmed           ||    10
 Cast: Sandblast         ||    14
 Stab: Sleeping          ||     1
  Eat: Chunk             ||     4
Armor: Robe              ||    41
Dodge: Dodged            ||    65
